 Dungeon Crawl Stone Soup version 0.29-a0-350-g7790a0e70a (webtiles) character file.

Game seed: 11178414129733615742

5670 freelancePsychic the Fighter (level 11, 0/80 HPs)
             Began as a Formicid Arcane Marksman on Apr 22, 2022.
             Was an Initiate of Ashenzari.
             Slain by a two-headed ogre
             ... wielding a +0 giant club
              (4 damage)
             ... on level 9 of the Dungeon.
             The game lasted 00:17:34 (12271 turns).

freelancePsychic the Fighter (FoAM)                Turns: 12271, Time: 00:17:35

Health: 0/80       AC: 21    Str: 19    XL:     11   Next: 4%
Magic:  13/13      EV:  5    Int: 15    God:    Ashenzari [......]
Gold:   262        SH: 10    Dex: 11    Spells: 11/12 levels left

rFire   + . .      SeeInvis +   a - +0 dire flail (holy)
rCold   . . .      Faith    .   v - +1 kite shield
rNeg    . . .      Spirit   .   m - +0 plate armour "Enigmatic Doubts" {Comp, Self} (curse)
rPois   .          Reflect  .   (helmet unavailable)
rElec   .          Harm     .   g - +2 cloak
rCorr   .          Rampage  .   w - +1 pair of gloves of Impatience {Fly rF+ Slay+2}
Will    +....                   (no boots)
Stlth   ..........              (no amulet)
HPRegen 0.23/turn               (no ring)
MPRegen 0.13/turn               (no ring)

@: flying
A: permanent stasis, dig shafts and tunnels, antennae 3, four strong arms,
iridescent scales 1, clever 1, frail 1, shaggy fur 1, wild magic 1
a: Dig, Shaft Self, Renounce Religion, Shatter the Chains


You were on level 9 of the Dungeon.
You worshipped Ashenzari.
Ashenzari was noncommittal.
You visited 2 branches of the dungeon, and saw 10 of its levels.
You also visited: Bailey.

You collected 622 gold pieces.
You spent 360 gold pieces at shops.

Inventory:

Hand Weapons
 a - a +0 dire flail of holy wrath (weapon)
 b - the +4 executioner's axe "Ajuwiveh" {vorpal, Int-2 Dex+8}
   (You bought it in a shop on level 5 of the Dungeon)

   It inflicts extra damage upon your enemies.
   Int:       It affects your intelligence (-2).
   Dex:       It affects your dexterity (+8).
 r - a +1 whip of electrocution
Missiles
 h - 4 poisoned darts (quivered)
 p - 5 throwing nets
Armour
 g - a +2 cloak (worn)
 j - a +0 robe
 m - the cursed +0 plate armour "Enigmatic Doubts" (worn) {Comp, Self}
   (You found it on level 1 of the Dungeon)

   It has a curse which improves the following skills: Companions: Summonings
   and Necromancy.
   Introspection: Fighting and Spellcasting.
 v - a +1 kite shield (worn)
 w - the +1 pair of gloves of Impatience (worn) {Fly rF+ Slay+2}
   (You found it on level 7 of the Dungeon)

   Slay:      It affects your accuracy & damage with ranged weapons and melee
   (+2).
   rF:        It protects you from fire.
   Fly:       It grants you flight.
Wands
 o - a wand of flame (55)
 q - a wand of digging (3)
 u - a wand of iceblast (11)
 x - a wand of mindburst (13)
 y - a wand of paralysis (8)
 C - a wand of polymorph (2)
Scrolls
 c - 3 scrolls of vulnerability
 f - 2 scrolls of brand weapon
 i - a scroll of noise
 k - 2 scrolls of magic mapping
 n - 8 scrolls of identify {@r1}
 s - a scroll of fog
 t - 2 scrolls of blinking {unknown}
 E - a scroll of holy word {unknown}
Potions
 d - 6 potions of curing {@q1}
 e - 2 potions of haste {@q3}
 l - 2 potions of resistance
 z - 2 potions of heal wounds {@q2}
 A - a potion of cancellation {unknown}
 B - a potion of invisibility
 D - a potion of degeneration {unknown}


   Skills:
 + Level 8.6(9.1) Fighting
 * Level 8.2(9.4) Axes
 - Level 7.3(9.0) Maces & Flails
 - Level 2.2 Crossbows
 - Level 6.5 Armour
 - Level 1.7 Dodging
 + Level 5.8 Shields
 - Level 1.1(1.3) Spellcasting
 - Level 3.6 Hexes


You had 11 spell levels left.
You knew the following spells:

 Your Spells              Type           Power      Damage    Failure   Level
a - Slow                  Hex            60%        N/A       98%         1

Your spell library contained the following spells:

 Spells                   Type           Power      Damage    Failure   Level
 Sublimation of Blood     Necr           1%         N/A       100%        2
 Wereblood                Tmut           1%         N/A       100%        2
 Conjure Flame            Conj/Fire      1%         6-21      100%        3
 Ignite Poison            Fire/Tmut/Pois 1%         N/A       100%        3
 Inner Flame              Hex/Fire       8%         N/A       100%        3
 Portal Projectile        Hex/Tloc       16%        N/A       100%        3
 Cause Fear               Hex            7%         N/A       100%        4
 Petrify                  Tmut/Erth      1%         N/A       100%        4
 Sticky Flame             Conj/Fire      1%         2d3       100%        4
 Irradiate                Conj/Tmut      0%         3d13      100%        5
 Summon Hydra             Summ           0%         N/A       100%        7


Dungeon Overview and Level Annotations

Branches:
Dungeon (9/15)             Temple (1/1) D:7          Bailey (visited)
   Lair: D:8-11         Orc: D:9-12

Altars:
Ashenzari
Cheibriados
Dithmenos
Gozag
Hepliaklqana
Kikubaaqudgha
Ru
Sif Muna
Trog
Vehumet
Wu Jian
The Shining One

Shops:
D:5 *   D:6 [


Innate Abilities, Weirdness & Mutations

You cannot be hasted, slowed, berserked, paralysed or teleported.
You can dig through walls and to a lower floor.
You have a pair of large antennae on your head. (SInv)
Your four strong arms can wield two-handed weapons with a shield.
You are partially covered in iridescent scales. (AC +2)
Your mind is acute. (Int +2)
You are frail. (-10% HP)
You are covered in fur. (AC +1)
Your spells are a little harder to cast, but a little more powerful.


Message History

The two-headed ogre hits you but does no damage.
The two-headed ogre hits you with a +0 giant spiked club!
You hit the two-headed ogre but do no damage.
The two-headed ogre is lightly wounded.
You barely miss the two-headed ogre.
The two-headed ogre is lightly wounded.
The two-headed ogre hits you but does no damage. x2
You hit the two-headed ogre but do no damage.
The two-headed ogre is lightly wounded.
The two-headed ogre hits you with a +0 giant club.
The two-headed ogre hits you with a +0 giant spiked club!!
You barely miss the two-headed ogre.
The two-headed ogre is moderately wounded.
You hit the two-headed ogre.
The two-headed ogre is moderately wounded.
The two-headed ogre barely misses you.
The two-headed ogre hits you but does no damage.
You sock the two-headed ogre!
The two-headed ogre is heavily wounded.
The two-headed ogre looks more healthy.
The two-headed ogre hits you but does no damage.
The two-headed ogre hits you with a +0 giant spiked club!
You hit the two-headed ogre but do no damage.
The two-headed ogre is heavily wounded.
You completely miss the two-headed ogre.
The two-headed ogre is heavily wounded.
The two-headed ogre closely misses you. You block the two-headed ogre's attack.
You hit the two-headed ogre but do no damage.
The two-headed ogre is heavily wounded.
The two-headed ogre hits you with a +0 giant club!
* * * LOW HITPOINT WARNING * * *
The two-headed ogre hits you but does no damage.
You puncture the two-headed ogre!
The two-headed ogre is severely wounded.
You closely miss the two-headed ogre.
The two-headed ogre is severely wounded.
The two-headed ogre hits you with a +0 giant club!
* * * LOW HITPOINT WARNING * * *
The two-headed ogre hits you with a +0 giant spiked club.
You die...

####################
.............#.....#
.............'.....#
..##.....######....#
..##.....# #.@..#
..##+##### #.O..#
..# #....# ###
#....# . #.(..# .>
#....# ...# #.$..#
...# #.(..# ####
#....#


You could see a two-headed ogre.

Vanquished Creatures
  Pikel (D:8)
  Prince Ribbit (D:8)
  A wraith (D:8)
  2 shadows (D:9)
  Sigmund (D:6)
  Eustachio (D:5)
  5 yaks
  2 steam dragons
  Menkaure (D:5)
  Edmund (D:4)
  Duvessa (D:5)
  A water moccasin (D:8)
  A sky beast (D:6)
  An ice beast (D:6)
  A black bear (D:6)
  4 ogres
  2 centaurs (D:8)
  A phantom (D:6)
  2 lemures (D:8)
  2 kobold brigands
  Blork the orc (D:5)
  A gnoll sergeant (D:7)
  A necrophage (D:7)
  3 scorpions
  2 bullfrogs (D:8)
  4 wights (D:8)
  Dowan (D:5)
  5 killer bees (D:8)
  2 jellies (D:5)
  4 howler monkeys
  2 orc priests (D:3)
  2 hounds (Bailey)
  Crazy Yiuf (D:4)
  A gnoll shaman (D:7)
  4 orc wizards
  Robin (D:4)
  5 adders
  17 gnolls
  2 shadow imps
  A white imp (D:7)
  3 ufetubi (D:6)
  5 worms (D:3)
  2 dart slugs
  15 orcs
  2 bats
  7 endoplasms
  5 giant cockroaches
  21 goblins
  9 hobgoblins
  4 jackals (D:3)
  6 quokkas
  8 ball pythons
  A frilled lizard (D:3)
  11 kobolds
  5 rats
196 creatures vanquished.

Vanquished Creatures (others)
  2 plants (D:3)
2 creatures vanquished.

Grand Total: 198 creatures vanquished

Notes
Turn   | Place    | Note
-------+----------+-------------------------------------------
     0 | D:1      | freelancePsychic the Formicid Arcane Marksman began the
                  | quest for the Orb.
     0 | D:1      | Reached XP level 1. HP: 15/15 MP: 2/2
     2 | D:1      | Noticed a formicid
     4 | D:1      | Noticed a minotaur
     4 | D:1      | Noticed a draconian
     6 | D:1      | Noticed a felid
     8 | D:1      | Noticed an elf
     8 | D:1      | Noticed a spriggan
    10 | D:1      | Noticed a troll
    12 | D:1      | Noticed a demigod
    12 | D:1      | Noticed a tengu
    14 | D:1      | Noticed an octopode
    16 | D:1      | Noticed a ghoul
    16 | D:1      | Noticed a human
    18 | D:1      | Noticed a demonspawn
    18 | D:1      | Noticed a naga
    20 | D:1      | Noticed a merfolk
    20 | D:1      | Noticed a gargoyle
    22 | D:1      | Noticed a vine stalker
    22 | D:1      | Noticed a vampire
    24 | D:1      | Noticed an ogre
    24 | D:1      | Noticed a dwarf
   663 | D:1      | Reached XP level 2. HP: 21/21 MP: 3/3
   671 | D:1      | Reached skill level 1 in Armour
  1509 | D:2      | Reached XP level 3. HP: 27/27 MP: 4/4
  1693 | D:2      | Reached skill level 1 in Maces & Flails
  1696 | D:2      | Reached XP level 4. HP: 27/31 MP: 5/5
  2672 | D:3      | Gained mutation: Your spells are a little harder to cast,
                  | but a little more powerful. [potion of mutation]
  2672 | D:3      | Gained mutation: You are frail. (-10% HP) [potion of
                  | mutation]
  2672 | D:3      | Gained mutation: Your mind is acute. (Int +2) [potion of
                  | mutation]
  2672 | D:3      | Gained mutation: You have hidden genetic potential. [potion
                  | of mutation]
  2855 | D:4      | Found a radiant altar of Vehumet.
  2857 | D:4      | Lost mutation: You have hidden genetic potential. [potion
                  | of mutation]
  2857 | D:4      | Lost mutation: Your mind is acute. (Int +2) [potion of
                  | mutation]
  2857 | D:4      | Gained mutation: Your mind is acute. (Int +2) [potion of
                  | mutation]
  2857 | D:4      | Gained mutation: You have hidden genetic potential. [potion
                  | of mutation]
  2909 | D:4      | Noticed an ogre
  2916 | D:4      | Killed an ogre
  2917 | D:4      | Reached XP level 5. HP: 36/36 MP: 6/6
  2926 | D:4      | Gained mutation: You are covered in fur. (AC +1) [hidden
                  | potential]
  3142 | D:4      | Noticed Robin
  3163 | D:4      | Killed Robin
  3171 | D:4      | Reached XP level 6. HP: 37/42 MP: 7/7
  3344 | D:4      | Noticed Edmund
  3362 | D:4      | Killed Edmund
  3560 | D:4      | Found a runed translucent door.
  3561 | D:4      | Noticed Crazy Yiuf
  4145 | D:4      | Killed Crazy Yiuf
  4146 | D:4      | Reached XP level 7. HP: 37/47 MP: 8/8
  4261 | D:5      | Entered Level 5 of the Dungeon
  4652 | D:3      | Gained mutation: You are partially covered in iridescent
                  | scales. (AC +2) [hidden potential]
  4652 | D:3      | Lost mutation: You have hidden genetic potential. [hidden
                  | potential expressed]
  4892 | D:3      | Reached skill level 5 in Maces & Flails
  5048 | D:3      | Found a faded altar of an unknown god.
  5588 | D:3      | Identified the +10 dagger "Beomir" {vorpal, rF+ Stlth+}
  5913 | D:5      | Noticed Blork the orc
  5937 | D:5      | Killed Blork the orc
  5938 | D:5      | Reached XP level 8. HP: 9/54 MP: 9/9
  6207 | D:5      | Noticed Dowan
  6207 | D:5      | Noticed Duvessa
  6229 | D:5      | Killed Duvessa
  6249 | D:5      | Killed Dowan
  6752 | D:5      | Noticed Eustachio
  6762 | D:5      | Reached skill level 5 in Fighting
  6762 | D:5      | Reached skill level 5 in Armour
  6963 | D:5      | Killed Eustachio
  7131 | D:5      | Found Kuptoen's Assorted Antiques.
  7149 | D:5      | Noticed Menkaure
  7157 | D:5      | Killed Menkaure
  7343 | D:5      | Identified the +2 scale mail of Sennott {-Tele Rampage
                  | Str+3}
  7617 | D:6      | Reached XP level 9. HP: 62/62 MP: 10/10
  7741 | D:6      | Reached skill level 1 in Axes
  7953 | D:6      | Noticed Sigmund
  7964 | D:6      | Killed Sigmund
  8055 | D:6      | Found Wohac's Antique Armour Emporium.
  8205 | D:5      | Bought a steaming executioner's axe for 360 gold pieces
  8205 | D:5      | Identified the +4 executioner's axe "Ajuwiveh" {vorpal,
                  | Int-2 Dex+8} (You bought it in a shop on level 5 of the
                  | Dungeon)
  9017 | D:7      | Found a flagged portal.
  9026 | Bailey   | Entered a bailey
  9523 | D:7      | Reached skill level 1 in Shields
  9942 | D:7      | Identified the +1 pair of gloves of Impatience {Fly rF+
                  | Slay+2}
 10240 | D:7      | Found a staircase to the Ecumenical Temple.
 10246 | Temple   | Entered the Ecumenical Temple
 10251 | Temple   | Became a worshipper of Ashenzari the Shackled
 10346 | D:8      | Found a snail-covered altar of Cheibriados.
 10346 | D:8      | Noticed Pikel
 10360 | D:8      | Reached skill level 5 in Axes
 10360 | D:8      | Reached XP level 10. HP: 63/71 MP: 11/11
 10380 | D:8      | Killed Pikel
 11305 | D:8      | Found an ancient bone altar of Kikubaaqudgha.
 11458 | D:8      | Noticed Prince Ribbit
 11484 | D:8      | Killed Prince Ribbit
 11626 | D:8      | Reached skill level 5 in Shields
 11853 | D:8      | Identified the cursed +0 plate armour "Enigmatic Doubts"
                  | {Comp, Self} (You found it on level 1 of the Dungeon)
 11975 | D:8      | Reached XP level 11. HP: 49/80 MP: 13/13
 12250 | D:9      | Noticed a two-headed ogre
 12271 | D:9      | HP: 4/80 [two-headed ogre/+0 giant club (16)]
 12271 | D:9      | Slain by a two-headed ogre

Illustrated notes

Levels and vault maps discovered:
D:1:      kb_arrival_jail, layout_loops_corners
D:2:      layout_basic
D:3:      kennysheep_the_goblin_king, layout_loops_corners,
          shapermc_ecumenical_altar_ellora
D:4:      layout_loops_ring, vehumet_altar_wand_db, uniq_robin,
          uniq_crazy_yiuf_cottage, uniq_edmund
D:5:      layout_gridville, serial_shops, nicolae_shop_crystal,
          uniq_blork_the_orc, uniq_menkaure, uniq_eustachio, uniq_duvessa
D:6:      layout_basic, serial_shops, kennysheep_mini, uniq_sigmund
D:7:      layout_basic, temple_green, enter_bailey_2
D:8:      layout_basic, chequers_serial_rivers_room_b, hangedman_feature_mirror,
          uniq_prince_ribbit1, uniq_pikel
D:9:      layout_gridville
Temple:   compressed_dpeg_triangle_lava_temple

Skill      XL: |  1  2  3  4  5  6  7  8  9 10 |
---------------+-------------------------------+-----
Armour         | 1 2 3 4 5 6 |  6.5
Fighting       | 2 3 4 5 7 8 |  8.6
Maces & Flails | 1 3 4 5 7 |  7.3
Axes           | 5 8 |  8.2
Shields        | 2 5 |  5.8
Crossbows      | |  2.2
Dodging        | |  1.7
Spellcasting   | |  1.1
Hexes          | |  3.6

Action                   |  1- 3 |  4- 6 |  7- 9 | 10-12 || total
-------------------------+-------+-------+-------+-------++-------
Melee: Whip              |    29 |   112 |       |       ||   141
       Dagger            |    11 |       |       |       ||    11
       Punch             |       |     2 |     4 |       ||     6
       Dire flail        |       |    36 |   436 |   243 ||   715
       Executioner's axe |       |       |    10 |       ||    10
       Unarmed           |       |       |       |     3 ||     3
 Fire: Hand crossbow     |    12 |       |       |       ||    12
Throw: Dart              |     6 |     3 |     7 |     4 ||    20
Invok: Curse Item        |       |       |       |     1 ||     1
 Abil: Dig               |     1 |       |     1 |     1 ||     3
Evoke: Wand              |       |       |     6 |       ||     6
  Use: Potion            |       |     7 |     2 |       ||     9
       Scroll            |       |     4 |     6 |       ||    10
 Stab: Invisible         |       |     1 |       |       ||     1
       Confused          |       |       |       |     1 ||     1
Armor: Plate armour      |    30 |    92 |   379 |   167 ||   668
Dodge: Dodged            |     8 |    50 |   139 |    51 ||   248
Block: Kite shield       |       |       |    39 |   122 ||   161

Table legend: (Time is in decaauts)
 A = Elapsed time spent in this place.
 B = Non-inter-level travel time spent in this place.
 C = Inter-level travel time spent in this place.
 D = Time resting spent in this place.
 E = Time spent auto-exploring this place.
 F = Levels seen in this place.
 G = Mean time per level.
                   A        B        C        D        E       F      G
               +--------+--------+--------+--------+--------+-----+--------+
         Total |  12284 |  11719 |    565 |    617 |   9243 |  11 | 1116.7 |
       Dungeon |  11890 |  11332 |    558 |    617 |   8941 |   9 | 1321.1 |
        Temple |     16 |     10 |      6 |      0 |      4 |   1 |   16.0 |
        Bailey |    377 |    377 |      0 |      0 |    298 |   1 |  377.0 |
               +--------+--------+--------+--------+--------+-----+--------+

Top non-repeatable levels by time:
     D:5: 1913 daAuts
     D:4: 1719 daAuts
     D:8: 1625 daAuts
     D:3: 1453 daAuts
     D:1: 1353 daAuts
     D:7: 1280 daAuts
     D:2: 1201 daAuts
     D:6: 1178 daAuts
  Bailey: 377 daAuts
     D:9: 164 daAuts
  Temple: 16 daAuts
